 Dungeon Crawl Stone Soup version 0.29-a0-194-g6e3aafee17 (webtiles) character file.

Game seed: 9060136302725141355

65 mcwallace the Chiller (level 4, -1/38 HPs)
             Began as a Naga Ice Elementalist on Feb 22, 2022.
             Slain by a gnoll
             ... wielding a +0 spear
              (5 damage)
             ... on level 2 of the Dungeon.
             The game lasted 00:03:59 (958 turns).

mcwallace the Chiller (Naga Ice Elementalist)        Turns: 958, Time: 00:04:00

Health: -1/38      AC:  3    Str: 11    XL:     4   Next: 13%
Magic:  1/7        EV: 10    Int: 17    God:
Gold:   96         SH:  0    Dex: 11    Spells: 7/8 levels left

rFire   . . .      SeeInvis +   i - +0 dagger (venom) {short}
rCold   . . .      Faith    .   (no shield)
rNeg    . . .      Spirit   .   a - +0 robe
rPois   +          Reflect  .   (no helmet)
rElec   .          Harm     .   d - +0 cloak
rCorr   .          Rampage  .   (no gloves)
Will    .....                   (no barding)
Stlth   ++........              (no amulet)
HPRegen 0.12/turn               (no ring)
MPRegen 0.10/turn               (no ring)

@: short of breath, very slow
A: AC +1, large, see invisible, deformed body, poison resistance, slowness 2,
spit poison 1, naga tail 1
a: Spit Poison


You were on level 2 of the Dungeon.
You visited 1 branch of the dungeon, and saw 2 of its levels.

You collected 96 gold pieces.


Innate Abilities, Weirdness & Mutations

Your serpentine skin is tough. (AC +1)
You have supernaturally acute eyesight. (SInv)
Armour fits poorly on your strangely shaped body.
Your system is resistant to poisons. (rPois)
You cover ground very slowly.
You can spit poison.
You have a snake-like lower body.


   Skills:
 + Level 1.3 Fighting
 + Level 2.1 Dodging
 + Level 4.0 Stealth
 + Level 2.5 Spellcasting
 + Level 4.3 Ice Magic


You had 7 spell levels left.
You knew the following spells:

 Your Spells              Type           Power      Damage    Failure   Level
a - Freeze                Ice            64%        1d8       3%          1

Your spell library contained the following spells:

 Spells                   Type           Power      Damage    Failure   Level
 Frozen Ramparts          Ice            32%        1d5       10%         3
 Ozocubu's Armour         Ice            16%        N/A       10%         3
 Hailstorm                Conj/Ice       9%         3d4       58%         4
 Summon Forest            Summ/Tloc      1%         N/A       99%         5
 Eringya's Noxious Bog    Tmut/Pois      1%         N/A       100%        6
 Summon Hydra             Summ           1%         N/A       100%        7

Inventory:

Hand Weapons
 b - a +0 dagger {short}
   (You found it on level 1 of the Dungeon)
 i - a +0 dagger of venom (weapon) {short}
   (You took it off a goblin on level 1 of the Dungeon)
Missiles
 e - 49 stones {throwing}
 g - 6 poisoned darts {throwing}
Armour
 a - a +0 robe (worn)
 d - a +0 cloak (worn)
   (You found it on level 1 of the Dungeon)
 f - a +0 robe
   (You found it on level 1 of the Dungeon)
Scrolls
 c - a scroll of amnesia {unknown}
 j - a scroll of identify {unknown}
Potions
 h - a potion of haste {unknown}

Dungeon Overview and Level Annotations

Branches:
Dungeon (2/15)

Altars:

Shops:
D:1

(* #################
................#
############.#######.#
...!.......)†#....<#.#
........####.....###.#
#######..# #.........#
##@# #.#########
#l)##.# ##g##.# .....
..... ..#. ..+.. #.#
..


You could see a gnoll and a frilled lizard.


Message History

You can't see any susceptible monsters within range! (Use Z to cast anyway.)
You see here a +0 spear {polearm}.
A gnoll comes into view.
It is wielding a +0 spear. 😎 HP[+2] MP[+2]
Your hp is fully restored (31).
Your mp is fully restored (6).
A gnoll comes into view. It is wielding a +0 whip.
Aiming: Spit Poison (2% risk of failure)
Press: ? - help, Shift-Dir - straight line, f - gnoll
Aim: a gnoll, wielding a +0 spear (65% to hit)
The splash of poison hits the gnoll!
The gnoll shouts!
You hear a shout!
A gnoll comes into view. It is wielding a +0 whip.
A rat comes into view.
A frilled lizard comes into view.
The rat moves out of view.
Okay, then.
A gnoll comes into view. It is wielding a +0 spear.
The gnoll moves out of view.
The gnoll closely misses you.
The frilled lizard hisses angrily.
You hit the gnoll.
The gnoll is poisoned.
The gnoll closely misses you.
You barely miss the gnoll. The gnoll hits you with a +0 spear.
The gnoll hits you with a +0 whip! 😮 HP[-12]
You take 12 damage, and now have 19/31 hp.
MASSIVE DAMAGE!! (PAUSE)
Casting: Freeze (safe; 3% risk of failure)
Confirm with . or Enter, or press ? or * to list all spells.
Aiming: Freeze (safe; 3% risk of failure)
Press: ? - help, Shift-Dir - straight line, f/p - gnoll
Aim: a gnoll, wielding a +0 spear (severely wounded, very poisoned)
You freeze the gnoll.
You kill the gnoll!
You have got your breath back.
The gnoll hits you with a +0 whip.
Your Dodging skill increases to level 2! 😮 HP[-3] MP[-1]
You take 3 damage, and now have 16/31 hp.
You lost 1 mp, and now have 5/6 mp.
Casting: Freeze (safe; 3% risk of failure)
Confirm with . or Enter, or press ? or * to list all spells.
Aiming: Freeze (safe; 3% risk of failure)
Press: ? - help, Shift-Dir - straight line, f - gnoll
Aim: a gnoll, wielding a +0 whip You freeze the gnoll!
The frilled lizard closely misses you. 😮 MP[-1]
You lost 1 mp, and now have 4/6 mp.
You hit the gnoll.
The gnoll is poisoned.
The frilled lizard closely misses you. 😮 HP[+1]
You closely miss the gnoll. The frilled lizard bites you.
* * * LOW HITPOINT WARNING * * *
😨 HP[-2]
You take 2 damage, and now have 15/31 hp.
You barely miss the gnoll. The gnoll hits you with a +0 whip.
* * * LOW HITPOINT WARNING * * *
The frilled lizard bites you.
* * * LOW HITPOINT WARNING * * *
😱 HP[-8]
You take 8 damage, and now have 7/31 hp.
MASSIVE DAMAGE!! (PAUSE)
Casting: Freeze (safe; 3% risk of failure)
Confirm with . or Enter, or press ? or * to list all spells.
Aiming: Freeze (safe; 3% risk of failure)
Press: ? - help, Shift-Dir - straight line, f - gnoll, p - gnoll
Aim: a gnoll, wielding a +0 whip You freeze the gnoll!
You kill the gnoll!
The gnoll misses you.
The frilled lizard barely misses you. 😱 MP[-1]
You lost 1 mp, and now have 3/6 mp.
Casting: Freeze (safe; 3% risk of failure)
Confirm with . or Enter, or press ? or * to list all spells.
Aiming: Freeze (safe; 3% risk of failure)
Press: ? - help, Shift-Dir - straight line, f/p - gnoll
Aim: a gnoll, wielding a +0 whip (severely wounded)
You freeze the gnoll.
You kill the gnoll!
The gnoll hits you from afar with a +0 spear.
* * * LOW HITPOINT WARNING * * *
The frilled lizard misses you.
Your Stealth skill increases to level 4!
You have reached level 4!
You feel stronger. 😱 HP[-3] MP[-1]
You now have 38 max hp (+7).
Aiming: Spit Poison (1% risk of failure)
Press: ? - help, Shift-Dir - straight line, f - gnoll
Aim: a gnoll, wielding a +0 spear (65% to hit)
The splash of poison hits the gnoll.
The gnoll barely misses you. The frilled lizard barely misses you.
Okay, then.
Casting: Freeze (safe; 3% risk of failure)
Confirm with . or Enter, or press ? or * to list all spells.
Aiming: Freeze (safe; 3% risk of failure)
Press: ? - help, Shift-Dir - straight line, f - frilled lizard, p - gnoll
Aim: a frilled lizard You freeze the frilled lizard.
The frilled lizard seems to slow down.
The frilled lizard is no longer moving slowly.
The gnoll hits you from afar with a +0 spear.
You die...

Skill      XL: |  1  2  3 |
---------------+----------+-----
Fighting       | 1 |  1.3
Dodging        | 2 |  2.1
Stealth        | 4 |  4.0
Spellcasting   | |  2.5
Ice Magic      | |  4.3

Action                   |  1- 3 |  4- 6 || total
-------------------------+-------+-------++-------
Melee: Dagger            |    12 |       ||    12
 Cast: Freeze            |    23 |     1 ||    24
 Abil: Spit Poison       |     9 |     1 ||    10
Armor: Robe              |     3 |       ||     3
Dodge: Dodged            |    18 |     2 ||    20

Levels and vault maps discovered:
D:1:      dpeg_arrival_rooms_c, layout_basic, serial_shops, shop_coins,
          nicolae_diamond_shop
D:2:      layout_basic, ebering_ecumenical_altar_ruins

Notes
Turn   | Place    | Note
-------+----------+-------------------------------------------
     0 | D:1      | mcwallace the Naga Ice Elementalist began the quest for the
                  | Orb.
     0 | D:1      | Reached XP level 1. HP: 15/15 MP: 3/3
     0 | D:1      | magus.rc [v1.9.6]
   212 | D:1      | You add the spells Summon Forest, Eringya's Noxious Bog and
                  | Summon Hydra to your library.
   273 | D:1      | Reached XP level 2. HP: 24/24 MP: 5/5
   442 | D:1      | Found Nalaimupp's Antique Weapon Shoppe.
   469 | D:1      | You fall into a shaft and drop 1 floor!
   710 | D:1      | Reached XP level 3. HP: 23/30 MP: 6/6
   802 | D:1      | Found Cocebb's Assorted Antiques.
   917 | D:2      | Reached skill level 1 in Fighting
   951 | D:2      | Reached skill level 2 in Dodging
   954 | D:2      | HP: 7/31 [frilled lizard (2)]
   956 | D:2      | HP: 3/31 [gnoll/+0 spear (4)]
   957 | D:2      | Reached skill level 4 in Stealth
   957 | D:2      | Reached XP level 4. HP: 4/38 MP: 2/7
   958 | D:2      | Slain by a gnoll

Vanquished Creatures
  3 gnolls (D:2)
  2 adders (D:2)
  An endoplasm (D:1)
  A giant cockroach (D:1)
  3 goblins (D:1)
  2 hobgoblins (D:1)
  2 kobolds (D:1)
  A quokka (D:1)
  A bat (D:1)
  2 frilled lizards (D:1)
  2 rats (D:1)
20 creatures vanquished.

Table legend:
 A = Non-vault XP
 B = Vault XP
 C = Vault XP percentage of total XP
 D = Non-vault monster count
 E = Vault monster count
 F = Vault count percentage of total count
                 A         B        C        D         E       F
            +---------+---------+-------+---------+---------+-------
      Total |      93 |       0 |   0.0 |      20 |       0 |   0.0
            +---------+---------+-------+---------+---------+-------
        D:1 |      24 |       0 |   0.0 |      15 |       0 |   0.0
        D:2 |      69 |       0 |   0.0 |       5 |       0 |   0.0
            +---------+---------+-------+---------+---------+-------

Illustrated notes

Table legend:
 A = Kills in this place as a percentage of kills in entire the game.
 B = Kills by you in this place as a percentage of kills by you in the entire game.
 C = Kills by friends in this place as a percentage of kills by friends in the entire game.
 D = Other kills in this place as a percentage of other kills in the entire game.
 E = Experience gained in this place as a percentage of experience gained in the entire game.
 F = Experience gained in this place divided by the number of levels of this place that you have seen.
                   A       B       C       D       E      F
               +-------+-------+-------+-------+-------+----------------------
         Total | 100.0 | 100.0 |   N/A |   N/A | 100.0 |  46.5
       Dungeon | 100.0 | 100.0 |   N/A |   N/A | 100.0 |  46.5
               +-------+-------+-------+-------+-------+----------------------

Table legend: (Time is in decaauts)
 A = Elapsed time spent in this place.
 B = Non-inter-level travel time spent in this place.
 C = Inter-level travel time spent in this place.
 D = Time resting spent in this place.
 E = Time spent auto-exploring this place.
 F = Levels seen in this place.
 G = Mean time per level.
                   A        B        C        D        E       F      G
               +--------+--------+--------+--------+--------+-----+--------+
         Total |   1173 |   1158 |     15 |      0 |    892 |   2 |  586.5 |
       Dungeon |   1173 |   1158 |     15 |      0 |    892 |   2 |  586.5 |
               +--------+--------+--------+--------+--------+-----+--------+

Top non-repeatable levels by time:
     D:1: 977 daAuts
     D:2: 195 daAuts
